 Seeded DCSS version 0.30-a0-218-gedb9141078 (webtiles) character file.

Game seed: 3736021085809959607 (custom seed)

56 purpskrrrp the Sneak (level 3, -1/18 HPs)
             Began as a Vine Stalker Brigand on Oct 6, 2022.
             Slain by Terence
             ... wielding a +0 mace
              (4 damage)
             ... on level 3 of the Dungeon.
             The game lasted 00:02:27 (1966 turns).

purpskrrrp the Sneak (Vine Stalker Brigand)         Turns: 1966, Time: 00:02:28

Health: -1/18      AC:  3    Str: 13      XL:     3   Next: 95%
Magic:  0/4        EV: 12    Int: 10 (11) God:
Gold:   119        SH:  5    Dex: 17      Spells: 2/2 levels left

rFire   . . .      SeeInvis .    a - +2 dagger
rCold   . . .      Faith    .    (no shield)
rNeg    . . .      Spirit   +    b - +0 robe
rPois   .          Reflect  +    (no helmet)
rElec   .          Harm     .    c - +0 cloak
rCorr   .          Rampage  .    (no gloves)
Will    .....                    (no boots)
Stlth   +++.......               f - amulet of reflection
HPRegen 0.23/turn                (no ring)
MPRegen 0.09/turn                (no ring)

@: no status effects
A: fangs 2, magic shield, antimagic bite, no potion heal 2
a: no special abilities


You were on level 3 of the Dungeon.
You visited 1 branch of the dungeon, and saw 3 of its levels.

You collected 119 gold pieces.

Inventory:

Hand Weapons
 a - a +2 dagger (weapon)
Missiles
 d - 13 poisoned darts (quivered)
 e - 3 curare-tipped darts
Armour
 b - a +0 robe (worn)
 c - a +0 cloak (worn)
Jewellery
 f - an amulet of reflection (around neck)
 q - a ring of resist corrosion
Scrolls
 h - 3 scrolls of identify {unknown}
 l - 2 scrolls of vulnerability {unknown}
 m - a scroll of immolation {unknown}
 o - a scroll of torment {unknown}
 p - a scroll of noise {unknown}
 r - a scroll of butterflies {unknown}
Potions
 g - 2 potions of ambrosia {unknown}
 i - a potion of attraction {unknown}
 j - 2 potions of lignification {unknown}
 k - a potion of berserk rage {unknown}
 n - 2 potions of curing {unknown}


   Skills:
 + Level 2.1 Fighting
 + Level 2.1 Short Blades
 + Level 2.2 Throwing
 * Level 1.8 Dodging
 + Level 5.2 Stealth


You had 2 spell levels left.
You didn't know any spells.
Your spell library contained the following spells:

 Spells                   Type           Power      Damage    Failure   Level
 Beastly Appendage        Tmut           0%         N/A       36%         1
 Wereblood                Tmut           0%         N/A       50%         2
 Spider Form              Tmut/Pois      0%         N/A       75%         3


Dungeon Overview and Level Annotations

Branches:
Dungeon (3/15)

Altars:
Sif Muna

Annotations:
D:3 1 runed translucent door, Terence


Innate Abilities, Weirdness & Mutations

You have extremely sharp teeth.
When hurt, damage is shared between your health and your magic reserves.
Your bite disrupts and absorbs the magic of your enemies.
Potions cannot restore your health.


Message History

You are too injured to fight recklessly!
You are too injured to fight recklessly!
You are too injured to fight recklessly!
You are too injured to fight recklessly!
You are too injured to fight recklessly!
You are too injured to fight recklessly!
You are too injured to fight recklessly!
You are too injured to fight recklessly!
You are too injured to fight recklessly!
You are too injured to fight recklessly!
You are too injured to fight recklessly!
You are too injured to fight recklessly!
Terence is nearby!
You are too injured to fight recklessly!
You are too injured to fight recklessly!
You are too injured to fight recklessly!
You are too injured to fight recklessly!
You are too injured to fight recklessly!
You are too injured to fight recklessly!
You are too injured to fight recklessly!
You are too injured to fight recklessly!
You are too injured to fight recklessly!
You are too injured to fight recklessly!
You are too injured to fight recklessly!
You hit Terence but do no damage. You bite Terence. You drain his power.
You feel invigorated.
Terence is lightly wounded.
Terence hits you with a +0 mace. The ball python misses you.
The ball python grabs you. The ball python constricts you.
You escape the ball python's grasp.
You see here a hobgoblin corpse.
You hit Terence. Your bite misses Terence.
Terence is moderately wounded.
Terence hits you with a +0 mace.
* * * LOW HITPOINT WARNING * * *
You hit Terence. You bite Terence, but do no damage.
Terence is heavily wounded.
Terence hits you with a +0 mace.
You die...

#.###.# #....
#.##..#####....
########..........<..†
......)...#.#####.....
#######..##.# #.....
##..###.#####...## #.
#..## #.##......# ...#
#.## #...)....##
#...####@# #...##...#
#....#@# #...###.###
#..S# #.).####.# ##.##
#.#.##..<# ....#
###.#..### ###..#~
..#.# ...#+# .##.
##...... # ..###.


You could see Terence and a ball python.

Vanquished Creatures
  2 adders (D:2)
  A dart slug (D:1)
  4 endoplasms
  2 giant cockroaches
  4 goblins
  A hobgoblin (D:3)
  2 quokkas
  A ball python (D:3)
  5 bats (D:1)
  3 frilled lizards (D:1)
  5 kobolds
  3 rats
33 creatures vanquished.

Notes
Turn   | Place    | Note
-------+----------+-------------------------------------------
     0 | D:1      | purpskrrrp the Vine Stalker Brigand began the quest for the
                  | Orb.
     0 | D:1      | Reached XP level 1. HP: 11/11 MP: 2/2
    67 | D:1      | Found a faded altar of an unknown god.
   205 | D:1      | Reached skill level 1 in Dodging
   313 | D:1      | Reached XP level 2. HP: 15/15 MP: 3/3
   366 | D:1      | Reached skill level 5 in Stealth
   854 | D:1      | Prayed at the altar of an unknown god.
   854 | D:1      | Became a worshipper of Sif Muna the Loreminder
   854 | D:1      | Reached * piety under Sif Muna
   855 | D:1      | Fell from the grace of Sif Muna
   964 | D:2      | Reached XP level 3. HP: 18/18 MP: 4/4
  1955 | D:3      | Noticed Terence
  1956 | D:3      | Found a runed translucent door.
  1966 | D:3      | Slain by Terence

Illustrated notes

Levels and vault maps discovered:
D:1:      mrwooster_arrival_statue_2, layout_loops_corners,
          basic_ecumenical_altar
D:2:      layout_basic
D:3:      layout_rooms, ebering_ghost_sewer_d, kennysheep_generic_room_10,
          uniq_terence

Skill      XL: |  1  2 |
---------------+-------+-----
Dodging        | 1 |  1.8
Stealth        | 5 |  5.2
Throwing       | 2 |  2.2
Short Blades   | 2 |  2.1
Fighting       | 2 |  2.1

Action                   || total
-------------------------++-------
Melee: Dagger            ||    80
       Bite              ||    18
       Punch             ||     1
Invok: Renounce Religion ||     1
 Stab: Sleeping          ||    10
       Distracted        ||     1
Armor: Robe              ||    15
Dodge: Dodged            ||    31
Block: Other             ||    11

Table legend: (Time is in decaauts)
 A = Elapsed time spent in this place.
 B = Non-inter-level travel time spent in this place.
 C = Inter-level travel time spent in this place.
 D = Time resting spent in this place.
 E = Time spent auto-exploring this place.
 F = Levels seen in this place.
 G = Mean time per level.
                   A        B        C        D        E       F      G
               +--------+--------+--------+--------+--------+-----+--------+
         Total |   1957 |   1829 |    128 |      0 |   1565 |   3 |  652.3 |
       Dungeon |   1957 |   1829 |    128 |      0 |   1565 |   3 |  652.3 |
               +--------+--------+--------+--------+--------+-----+--------+

Top non-repeatable levels by time:
     D:2: 1016 daAuts
     D:1: 865 daAuts
     D:3: 75 daAuts
